 Dungeon Crawl Stone Soup version 0.30-a0-1050-g2766ea1e55 (webtiles) character file.

Game seed: 17370262159049312870

60 Ic0nGaming the Cutter (level 4, -1/28 HPs)
             Began as a Kobold Fighter on Apr 10, 2023.
             Slain by a gnoll
             ... wielding a +1 antimagic flail
              (7 damage)
             ... on level 2 of the Dungeon.
             The game lasted 00:03:39 (1239 turns).

Ic0nGaming the Cutter (Kobold Fighter)              Turns: 1239, Time: 00:03:40

Health: -1/28      AC:  7    Str: 13    XL:     4   Next: 24%
Magic:  0/4        EV: 10    Int:  9    God:
Gold:   66         SH:  5    Dex: 16    Spells: 3/3 levels left

rFire   . . .      SeeInvis .    a - +1 rapier (venom)
rCold   . . .      Faith    .    c - +0 buckler
rNeg    . . .      Spirit   .    b - +0 scale mail
rPois   .          Reflect  .    (no helmet)
rElec   .          Rampage  .    (no cloak)
rCorr   .                        i - +0 pair of gloves
Will    .....                    (no boots)
Stlth   +                        (no amulet)
HPRegen 0.24/turn                (no ring)
MPRegen 0.09/turn                (no ring)

@: no status effects
A: small, no large weapons, nightstalker 3
a: no special abilities


You were on level 2 of the Dungeon.
You visited 1 branch of the dungeon, and saw 2 of its levels.

You collected 66 gold pieces.

Inventory:

Hand Weapons
 a - a +1 rapier of venom (weapon)
Missiles
 f - 2 poisoned darts
 k - 2 boomerangs (quivered)
Armour
 b - a +0 scale mail (worn)
 c - a +0 buckler (worn)
 i - a +0 pair of gloves (worn)
Scrolls
 e - a scroll of amnesia {unknown}
 j - a scroll of fear
Potions
 d - a potion of might
 g - a potion of haste {unknown}
 h - a potion of curing {unknown}


   Skills:
 - Level 3.2 Fighting
 + Level 5.6 Short Blades
 - Level 2.4 Armour
 - Level 2.4 Shields


You had 3 spell levels left.
You didn't know any spells.
Your spell library contained the following spells:

 Spells                   Type           Power      Damage    Failure   Level
 Sandblast                Erth           0%         2d4       96%         1
 Passwall                 Tmut/Erth      0%         N/A       99%         2
 Dazzling Flash           Conj/Hex       0%         N/A       100%        3
 Stone Arrow              Conj/Erth      0%         3d7       100%        3
 Volatile Blastmotes      Fire/Tloc      0%         2d10      100%        3
 Iskenderun's Mystic Bla  Conj/Tloc      0%         2d3       100%        4
 Starburst                Conj/Fire      0%         6d3       100%        6


Dungeon Overview and Level Annotations

Branches:
Dungeon (2/15)

Altars:


Innate Abilities, Weirdness & Mutations

You are small and have problems with some larger weapons.
You are completely attuned to the shadows.


Message History

No target in view!
j - a scroll of fear A gnoll comes into view.
It is wielding a +0 spear.
The gnoll hits you from afar with a +0 spear.
A gnoll comes into view. It is wielding a +0 club.
The gnoll shouts!
You hear a shout!
The gnoll closely misses you.
You hit the gnoll but do no damage.
The gnoll is poisoned.
You block the gnoll's attack.
You puncture the gnoll!
The gnoll looks as sick as possible!
The gnoll is heavily wounded.
A gnoll comes into view. It is wielding a +1 antimagic flail.
The gnoll misses you.
You barely miss the gnoll.
You kill the gnoll!
The gnoll hits you with a +0 club.
You hit the gnoll.
The gnoll is heavily wounded.
The gnoll barely misses you.
You completely miss the gnoll.
The gnoll is heavily wounded.
You block the gnoll's attack.
You closely miss the gnoll.
The gnoll is heavily wounded.
The gnoll barely misses you. The gnoll hits you with a +0 club.
You barely miss the gnoll.
The gnoll is heavily wounded.
The gnoll barely misses you. The gnoll closely misses you.
The gnoll attacks as you move away! The gnoll hits you but does no damage.
You hit the gnoll.
The gnoll is poisoned.
The gnoll is lightly wounded.
The gnoll hits you with a +1 antimagic flail!
You feel your power leaking away.
You hit the gnoll.
The gnoll looks as sick as possible!
The gnoll is heavily wounded.
The gnoll hits you with a +1 antimagic flail!
* * * LOW HITPOINT WARNING * * *
You feel your power leaking away.
The gnoll hits you with a +1 antimagic flail!
You die...

#.### ## ##...##
.#####. ......
......#. #)...#
..###.#. #..... ..
....<... #....##..
.#...#. #...........
#...## #.###........
#.....
#.gg@....#.#.###†.###
#..##†...............
#...#.)........######
##..............#.....
#.....#######...#.####
#...............#.####
#.....#######..†#.#...
#.....# .....#.#...
#.....#####.###.#.#...


You could see 2 gnolls.

Vanquished Creatures
  An adder (D:2)
  A gnoll (D:2)
  A worm (D:2)
  A dart slug (D:1)
  3 endoplasms
  2 giant cockroaches
  4 goblins
  4 hobgoblins (D:2)
  3 quokkas (D:2)
  2 ball pythons (D:1)
  4 bats
  2 frilled lizards
  4 kobolds
  4 rats
36 creatures vanquished.

Notes
Turn   | Place    | Note
-------+----------+-------------------------------------------
     0 | D:1      | Ic0nGaming the Kobold Fighter began the quest for the Orb.
     0 | D:1      | Reached XP level 1. HP: 14/14 MP: 1/1
    42 | D:1      | Reached skill level 3 in Short Blades
    93 | D:1      | Reached XP level 2. HP: 19/19 MP: 2/2
   266 | D:1      | Reached skill level 4 in Short Blades
   805 | D:2      | Reached XP level 3. HP: 23/23 MP: 3/3
  1130 | D:2      | Reached skill level 5 in Short Blades
  1192 | D:2      | Reached XP level 4. HP: 28/28 MP: 4/4
  1239 | D:2      | Slain by a gnoll

Illustrated notes

Levels and vault maps discovered:
D:1:      wander_arrival_chamber, layout_basic
D:2:      layout_basic

Skill      XL: |  1  2  3 |
---------------+----------+-----
Short Blades   | 3 4 5 |  5.6
Fighting       | |  3.2
Armour         | |  2.4
Shields        | |  2.4

Action                     |  1- 3 |  4- 6 || total
---------------------------+-------+-------++-------
  Melee: Rapier            |   101 |    13 ||   114
    Use: Scroll            |     4 |       ||     4
   Stab: Sleeping          |     2 |       ||     2
 Armour: Scale mail        |    35 |     2 ||    37
  Dodge: Dodged            |    46 |     9 ||    55
  Block: Buckler           |    15 |     3 ||    18

Table legend: (Time is in decaauts)
 A = Elapsed time spent in this place.
 B = Non-inter-level travel time spent in this place.
 C = Inter-level travel time spent in this place.
 D = Time resting spent in this place.
 E = Time spent auto-exploring this place.
 F = Levels seen in this place.
 G = Mean time per level.
                   A        B        C        D        E       F      G
               +--------+--------+--------+--------+--------+-----+--------+
         Total |   1244 |   1198 |     46 |     69 |    859 |   2 |  622.0 |
       Dungeon |   1244 |   1198 |     46 |     69 |    859 |   2 |  622.0 |
               +--------+--------+--------+--------+--------+-----+--------+

Top non-repeatable levels by time:
     D:1: 725 daAuts
     D:2: 519 daAuts
